 Dungeon Crawl Stone Soup version 0.29-a0-620-g13ace881f2 (webtiles) character file.

Game seed: 11323630666614745723

263673 Armakuni the Devastator (level 20, -25/139 HPs)
             Began as a Human Conjurer on June 17, 2022.
             Was an Elder of Elyvilon.
             Killed from afar by a deep elf sorcerer (38 damage)
             ... with damnation
             ... on level 3 of the Elven Halls on June 18, 2022.
             The game lasted 03:15:13 (56397 turns).

Armakuni the Devastator (Human Conjurer)           Turns: 56397, Time: 03:15:14

Health: -25/139    AC: 37    Str: 38    XL:     20   Next: 84%
Magic:  13/40      EV: 12    Int: 31    God:    Elyvilon [****..]
Gold:   286        SH:  0    Dex: 15    Spells: 18/51 levels left

rFire   . . .      SeeInvis +   a - staff of conjuration
rCold   + . .      Faith    .   w - orb {*Rage}
rNeg    . . .      Spirit   .   V - +11 chain mail "Xotid" {Str+4 Dex-3 Stlth+}
rPois   +          Reflect  .   X - +2 helmet {SInv}
rElec   .          Harm     .   Y - +1 cloak "Haohu" {rPois Str+4 Stlth+}
rCorr   .          Rampage  .   e - +0 pair of gloves
Will    ++...      Rage     20% N - +2 pair of boots
Stlth   ++........              R - amulet of Nonta {Regen+ Str+9 Dex+7 Slay-5}
HPRegen 1.13/turn               A - ring of Ywniet {Drain rPois AC+4 Str+6 Int+10}
MPRegen 0.27/turn               W - ring "Ysha" {rC+ Will+ Stlth+}

@: lethally poisoned (-25 -> -25), studying Long Blades
A: iridescent scales 1
}: 2/15 runes: decaying, serpentine
a: Renounce Religion, Purification, Heal Other, Heal Self


You were on level 3 of the Elven Halls.
You worshipped Elyvilon.
Elyvilon was greatly pleased with you.
You visited 7 branches of the dungeon, and saw 35 of its levels.
You visited 1 bazaar.

You collected 3982 gold pieces.
You spent 3696 gold pieces at shops.

Inventory:

Missiles
 v - 2 curare-tipped darts (quivered)
 x - a throwing net
Armour
 e - a +0 pair of gloves (worn)
 w - an orb of wrath (worn)
 N - a +2 pair of boots (worn)
 U - +0 ice dragon scales
 V - the +11 chain mail "Xotid" (worn) {Str+4 Dex-3 Stlth+}
   (You found it on level 2 of the Elven Halls)

   Str:       It affects your strength (+4).
   Dex:       It affects your dexterity (-3).
   Stlth:     It makes you more stealthy.
 X - a +2 helmet of see invisible (worn)
 Y - the +1 cloak "Haohu" (worn) {rPois Str+4 Stlth+}
   (You bought it in a shop on level 2 of the Elven Halls)

   Str:       It affects your strength (+4).
   rPois:     It protects you from poison.
   Stlth:     It makes you more stealthy.
Magical Staves
 a - a staff of conjuration (weapon)
 b - a staff of fire
Jewellery
 A - the ring of Ywniet (left hand) {Drain rPois AC+4 Str+6 Int+10}
   (You bought it in a shop on level 14 of the Dungeon)

   [ring of protection]

   AC:        It affects your AC (+4).
   Str:       It affects your strength (+6).
   Int:       It affects your intelligence (+10).
   rPois:     It protects you from poison.
   Drain:     It drains your maximum health when unequipped.
 E - the ring of Worunise {Fly rElec rCorr Str-5 Int+6}
   (You found it in a bazaar)

   [ring of flight]

   Str:       It affects your strength (-5).
   Int:       It affects your intelligence (+6).
   rElec:     It insulates you from electricity.
   Fly:       It grants you flight.
   rCorr:     It protects you from acid and corrosion.
 R - the amulet of Nonta (around neck) {Regen+ Str+9 Dex+7 Slay-5}
   (You found it on level 2 of the Snake Pit)

   [amulet of regeneration]

   Str:       It affects your strength (+9).
   Dex:       It affects your dexterity (+7).
   Slay:      It affects your accuracy & damage with ranged weapons and melee
   (-5).
   Regen:     It increases your rate of health regeneration.
 W - the ring "Ysha" (right hand) {rC+ Will+ Stlth+}
   (You found it on level 2 of the Lair of Beasts)

   [ring of willpower]

   rC:        It protects you from cold.
   Will:      It increases your willpower.
   Stlth:     It makes you more stealthy.
Wands
 j - a wand of iceblast (6)
 F - a wand of mindburst (21)
 H - a wand of polymorph (12)
 J - a wand of digging (11)
 P - a wand of light (14)
 S - a wand of flame (19)
Scrolls
 d - 2 scrolls of magic mapping
 f - 3 scrolls of vulnerability
 h - 4 scrolls of noise
 k - 3 scrolls of fog
 o - 5 scrolls of poison
 q - 14 scrolls of identify
 y - 3 scrolls of silence
 G - 5 scrolls of teleportation
 K - a scroll of fear
 L - 2 scrolls of immolation
 M - 3 scrolls of amnesia
 T - a scroll of blinking
Potions
 c - 2 potions of resistance
 g - 5 potions of lignification
 i - 4 potions of flight
 m - 8 potions of mutation
 n - 6 potions of might
 p - a potion of cancellation
 r - 26 potions of curing
 s - a potion of brilliance
 u - a potion of berserk rage
 z - 2 potions of heal wounds
 B - 4 potions of haste
 C - 5 potions of invisibility
 O - 4 potions of magic
 Q - 4 potions of ambrosia
Miscellaneous
 l - a box of beasts
 t - a tin of tremorstones (inert)


   Skills:
 - Level 7.0 Fighting
 - Level 4.0 Long Blades
 - Level 1.0(4.8) Maces & Flails
 - Level 7.6(7.7) Staves
 + Level 7.1 Armour
 + Level 6.9 Dodging
 - Level 2.0 Stealth
 + Level 16.3 Spellcasting
 - Level 20.0 Conjurations
 - Level 5.0 Translocations
 - Level 5.6 Fire Magic
 - Level 4.0 Ice Magic
 - Level 4.0 Air Magic
 - Level 10.0 Earth Magic
 - Level 12.3 Invocations
 - Level 10.0 Evocations


You had 18 spell levels left.
You knew the following spells:

 Your Spells              Type           Power      Damage    Failure   Level
a - Animate Armour        Summ/Erth      100%       N/A       7%          4
f - Fireball              Conj/Fire      51%        3d20      1%          5
i - Iskenderun's Battles  Conj           100%       2d15      1%          5
j - Freezing Cloud        Conj/Ice/Air   45%        6-21      3%          5
m - Iskenderun's Mystic   Conj/Tloc      100%       2d19      1%          4
s - Sticky Flame          Conj/Fire      100%       2d11      1%          4
z - Iron Shot             Conj/Erth      54%        9d10      1%          6

Your spell library contained the following spells:

 Spells                   Type           Power      Damage    Failure   Level
 Magic Dart               Conj           100%       1d8       0%          1
 Searing Ray              Conj           100%       2d8       0%          2
 Freeze                   Ice            100%       1d11      1%          1
 Scorch                   Fire           100%       2d10      1%          2
 Static Discharge         Conj/Air       99%        N/A       1%          2
 Dazzling Flash           Conj/Hex       100%       N/A       1%          3
 Gell's Gravitas          Tloc           54%        N/A       1%          3
 Mephitic Cloud           Conj/Pois/Air  84%        N/A       1%          3
 Teleport Other           Tloc           54%        N/A       1%          3
 Flame Wave               Conj/Fire      100%       2d17      1%          4
 Fulminant Prism          Conj/Hex       46%        3d21      1%          4
 Hailstorm                Conj/Ice       99%        3d19      1%          4
 Lightning Bolt           Conj/Air       49%        1d70      1%          5
 Ensorcelled Hibernation  Hex/Ice        74%        N/A       3%          2
 Poisonous Vapours        Pois/Air       74%        N/A       3%          2
 Frozen Ramparts          Ice            100%       1d12      3%          3
 Starburst                Conj/Fire      51%        6d14      4%          6
 Passage of Golubria      Tloc           54%        N/A       7%          4
 Ignite Poison            Fire/Tmut/Pois 37%        N/A       8%          3
 Call Imp                 Summ           25%        N/A       9%          2
 Airstrike                Air            25%        N/A       11%         4
 Confusing Touch          Hex            25%        N/A       16%         3
 Spider Form              Tmut/Pois      25%        N/A       16%         3
 Tukima's Dance           Hex            25%        N/A       16%         3
 Vampiric Draining        Necr           25%        2d7       16%         3
 Borgnjor's Vile Clutch   Necr/Erth      27%        N/A       19%         5
 Summon Lightning Spire   Summ/Air       37%        N/A       24%         4
 Corpse Rot               Necr/Pois/Air  33%        N/A       32%         4
 Anguish                  Hex/Necr       12%        N/A       47%         4
 Dispel Undead            Necr           25%        3d12      47%         4
 Metabolic Englaciation   Hex/Ice        18%        N/A       54%         5
 Dispersal                Tloc           27%        N/A       71%         6
 Alistair's Intoxication  Tmut/Pois      16%        N/A       83%         5
 Blade Hands              Tmut           12%        N/A       83%         5
 Yara's Violent Unravell  Hex/Tmut       12%        3d7       83%         5
 Eringya's Noxious Bog    Tmut/Pois      12%        N/A       100%        6
 Summon Cactus Giant      Summ           12%        N/A       100%        6
 Enfeeble                 Hex            12%        N/A       100%        7
 Malign Gateway           Summ/Tloc      20%        N/A       100%        7
 Maxwell's Capacitive Co  Air            25%        ∞         100%        8
 Dragon's Call            Summ           12%        N/A       100%        9


Dungeon Overview and Level Annotations

Branches:
Dungeon (15/15)            Temple (1/1) D:5            Lair (6/6) D:8
  Swamp (4/4) Lair:3        Snake (4/4) Lair:4        Slime (0/5) Lair:5
    Orc (2/2) D:9             Elf (3/3) Orc:2        Vaults (0/5) D:13
 Depths (0/4) D:15

Altars:
Ashenzari
Cheibriados
Dithmenos
Elyvilon
Fedhas
Gozag
Hepliaklqana
Kikubaaqudgha
Makhleb
Nemelex Xobeh
Okawaru
Qazlal
Ru
Sif Muna
Trog
Uskayaw
Vehumet
Wu Jian
Xom
Yredelemnul
Zin
The Shining One
Beogh
Jiyva

Shops:
D:1 (   D:12 (   D:13 *   D:14 ?=   Orc:2 *([:   Elf:2 [   Snake:2 !*
Snake:4 ?[*[

Annotations:
Elf:2 5 runed translucent doors


Innate Abilities, Weirdness & Mutations

You are partially covered in iridescent scales. (AC +2)


Message History

The mystic blast hits the deep elf annihilator!
The deep elf annihilator is heavily wounded.
The deep elf annihilator is knocked back by the mystic blast.
You feel very sick.
You hear a shout!
The deep elf sorcerer is engulfed in freezing vapours.
A deep elf sorcerer comes into view. It is wielding a +0 long sword.
The deep elf elementalist is engulfed in freezing vapours.
The deep elf elementalist gestures at you while chanting.
The fireball explodes!
You hear a sizzling sound!
The fireball engulfs you!
You hear a sizzling sound! x5
The deep elf elementalist is engulfed in freezing vapours.
You hear a shout! x5
You feel sick.
The deep elf sorcerer is engulfed in freezing vapours. x2
You kill the deep elf sorcerer!
The deep elf sorcerer is engulfed in freezing vapours.
The deep elf elementalist is engulfed in freezing vapours.
The deep elf elementalist mumbles some strange words.
The deep elf elementalist seems to speed up.
Casting: Iskenderun's Mystic Blast (safe; 1% risk of failure)
Confirm with . or Enter, or press ? or * to list all spells.
Aiming: Freezing Cloud (dangerous; 3% risk of failure)
Press: ? - help, Dir - move target You feel a surge of power!
That beam is likely to hit you.
Continue anyway?
You are engulfed in freezing vapours.
You resist.
You feel sick.
The deep elf sorcerer is engulfed in freezing vapours.
The deep elf sorcerer points at you and mumbles some strange words.
The sphere of damnation explodes!
The damnation engulfs you!!!
* * * LOW HITPOINT WARNING * * *
The deep elf elementalist is engulfed in freezing vapours.
You hear a shout! x2
You feel sick.
The deep elf sorcerer is engulfed in freezing vapours.
The deep elf sorcerer points at you and mumbles some strange words.
The sphere of damnation explodes!
The damnation engulfs you!!!
You die...

,,,,,,,,,,*,,,*,,,*,,,*,,+,,,,,*,
+**********,,,+...#,,,*..#,,,,,*,
,,,,,,,,,,,,,,#...##+##..#******,
,,,,,,,,,,,,,,#...........,,,,,,,
,,,,,,,,,,,,,,#..........,,,,,,,,
*****+*****,,,#.........,,,,,,,,,
,,,,,,,,,,*,,,#...#..#####*******
,,,,,,,,,,*,,,#...§§§§....,,,,,,,
,,,,,,,,,,*,,,#.@§§§e...#,,,,,,8,
*******,,,*,,,#..§#§§§§§#*,,,,,,,
,,,,,,*,,,*,,,#...#.§e§§§.*,,,***
,,,,,,*,,,*,,,#...#.#§§§§.,,***,,
,,,,,,*,,,*,,,#...#..#§.§.***,,,8
***,,,*,,,*,,,#...#..*...#*,,,,,,
,,*,,,*,,,*,,,#...#..e,.##,,,,***
,,*,,,*,,,*,,,#..<#..e,,#,,,***,*
***,,,*,,,*,,,#...#,,,,**,,**,,,,


You could see a deep elf sorcerer (fast) and a deep elf elementalist (fast,
repels missiles).

Vanquished Creatures
  Mara (Swamp:3)
  Saint Roka (Snake:4)
  Nikola (Elf:2)
  Vashnia (Snake:3)
  Jorgrun (D:12)
  Mlioglotl (Swamp:1)
  A thorn hunter (Swamp:1)
  Kirke (D:14)
  18 nagarajas
  A deep elf sorcerer (Elf:3)
  An orc warlord (Orc:2)
  Aizul (Snake:3)
  The ghost of Stil the Warrior, a journeyman DjFE of Makhleb (Snake:2)
  Louise (Snake:2)
  A stone giant (D:15)
  Nessos (Orc:2)
  6 eleionomae
  2 deep elf annihilators (Elf:1)
  4 bunyips
  Snorg (D:14)
  A shambling mangrove (Swamp:3)
  A fire dragon (Lair:6)
  Fannar (Lair:1)
  4 ice dragons
  Harold (Lair:2)
  7 salamander tyrants
  A ghost crab (Swamp:4)
  10 hydras
  2 boulder beetles
  3 centaur warriors
  Erica (D:8)
  An ogre mage (Orc:2)
  12 anacondas
  8 two-headed ogres
  22 naga warriors
  9 dancing weapons
  6 alligators
  5 tengu warriors
  Urug (D:11)
  2 orc high priests
  14 shock serpents
  6 deep elf knights
  24 naga sharpshooters
  Sonja (Orc:2)
  11 spriggans
  6 salamander mystics
  A goliath frog (Swamp:2)
  A sea snake (shapeshifter) (Elf:1)
  4 sea snakes
  2 spriggan druids (Swamp:4)
  6 naga ritualists
  A bog body (Swamp:1)
  13 swamp dragons
  3 wizards
  2 lindwurms
  An orange crystal statue (D:8)
  An obsidian statue (D:9)
  A harpy (shapeshifter) (Elf:1)
  3 orc knights (Orc:2)
  2 deep elf archers (Elf:2)
  15 deep elf zephyrmancers
  A wolf spider (D:15)
  21 deep elf pyromancers
  11 mana vipers
  3 ugly things
  4 will-o-the-wisps
  3 orc sorcerers (Orc:2)
  5 manticores
  5 elephants (Lair:4)
  17 salamanders
  7 cyclopes
  An ice statue (D:8)
  11 naga magi
  39 black mambas
  2 gargoyles
  14 cane toads
  4 torpor snails (Lair:6)
  A yaktaur (shapeshifter) (D:14)
  Maggie (D:6)
  4 freezing wraiths (Swamp:4)
  2 rime drakes (Lair:4)
  8 komodo dragons
  2 tengu conjurers
  6 trolls
  4 polar bears
  3 meliai (D:13)
  A troll (shapeshifter) (D:13)
  19 hornets
  3 bloated husks
  Grinder (D:6)
  11 tyrant leeches
  Prince Ribbit (Lair:1)
  38 blink frogs
  4 dream sheep (Lair:5)
  11 slime creatures
  Sigmund (D:2)
  A centaur simulacrum (D:12)
  An air elemental (Elf:1)
  4 wraiths
  9 wyverns
  48 yaks
  3 hogs (D:14)
  14 vampire mosquitoes
  3 steam dragons
  4 basilisks
  3 swamp worm simulacra (Swamp:4)
  3 wargs
  43 nagas
  7 acid dragons
  15 hydra simulacra (Swamp:4)
  13 water moccasins
  12 swamp worms
  3 black bears
  3 ice beasts
  30 orc warriors
  A sky beast (D:7)
  5 swamp drakes
  10 wolves
  3 ogres
  11 centaurs
  A phantom (D:5)
  A kobold brigand (D:9)
  Blork the orc (D:6)
  16 bullfrogs
  4 scorpions
  5 necrophages
  2 earth elementals
  A gnoll sergeant (D:9)
  20 wights
  A hornet simulacrum (D:15)
  41 killer bees
  2 electric eels (Snake:1)
  6 howler monkeys
  4 hounds
  A gnoll shaman (D:7)
  6 jellies
  35 orc priests
  Terence (D:2)
  Natasha (D:2)
  5 iguanas
  30 orc wizards
  8 gnolls
  10 adders
  A white imp (D:6)
  An ufetubus (D:5)
  5 swamp drake simulacra (Swamp:4)
  A worm (D:3)
  3 dart slugs
  80 orcs
  13 endoplasms
  2 giant cockroaches
  6 goblins
  6 hobgoblins
  5 jackals (D:2)
  A quokka (D:3)
  6 ball pythons
  4 bats
  A frilled lizard (D:3)
  15 kobolds
  6 briar patches (Swamp:1)
1138 creatures vanquished.

Vanquished Creatures (collateral kills)
  A black mamba (Snake:3)
  2 yaks (D:11)
3 creatures vanquished.

Vanquished Creatures (others)
  A fire dragon (D:15)
  A centaur warrior (D:14)
  An alligator (Swamp:4)
  An ogre mage (D:15)
  2 two-headed ogres (D:15)
  A wizard (D:14)
  2 guardian serpents
  A torpor snail (Lair:6)
  A rime drake (Lair:2)
  A polar bear (D:11)
  A bloated husk (Swamp:1)
  3 yaks
  A vampire mosquito (D:12)
  2 humans (D:14)
  A water moccasin (Lair:3)
  An ogre (D:15)
  A centaur (D:14)
  A killer bee (Lair:5)
  An electric eel (Lair:2)
  An orc (D:7)
  2 foxfires (Swamp:2)
  66 fulminant prisms
  34 fungi
  108 plants
  7 toadstools (Lair:2)
242 creatures vanquished.

Grand Total: 1383 creatures vanquished

Notes
Turn   | Place    | Note
-------+----------+-------------------------------------------
     0 | D:1      | Armakuni the Human Conjurer began the quest for the Orb.
     0 | D:1      | Reached XP level 1. HP: 13/13 MP: 3/3
   288 | D:1      | Found Wosh's Antique Weapon Emporium.
   319 | D:1      | Reached XP level 2. HP: 19/19 MP: 5/5
   349 | D:1      | Learned a level 2 spell: Searing Ray
  1293 | D:2      | Found a sparkling altar of Nemelex Xobeh.
  1303 | D:2      | Reached XP level 3. HP: 22/24 MP: 6/6
  1315 | D:2      | Reached skill level 5 in Conjurations
  1827 | D:2      | Noticed Terence
  1843 | D:2      | Killed Terence
  1844 | D:2      | Reached XP level 4. HP: 30/30 MP: 1/7
  1927 | D:2      | Noticed Sigmund
  1939 | D:2      | Killed Sigmund
  1940 | D:2      | Reached skill level 7 in Conjurations
  1940 | D:2      | Reached XP level 5. HP: 17/35 MP: 1/8
  1940 | D:2      | Reached XP level 6. HP: 20/41 MP: 1/9
  1947 | D:2      | Learned a level 4 spell: Iskenderun's Mystic Blast
  2184 | D:2      | Noticed Natasha
  2189 | D:2      | Killed Natasha
  3049 | D:3      | Found a blossoming altar of Fedhas.
  3095 | D:3      | Found a stormy altar of Qazlal.
  3717 | D:4      | Noticed a black bear
  3729 | D:4      | Killed a black bear
  3730 | D:4      | Reached XP level 7. HP: 35/46 MP: 1/11
  3735 | D:4      | Learned a level 4 spell: Sticky Flame
  4303 | D:4      | Reached skill level 1 in Fire Magic
  4322 | D:4      | Found a shimmering blue altar of Sif Muna.
  4521 | D:4      | Gained mutation: You are partially covered in iridescent
                  | scales. (AC +2) [potion of mutation]
  4559 | D:4      | Reached skill level 8 in Conjurations
  4944 | D:5      | Entered Level 5 of the Dungeon
  5202 | D:5      | Found a staircase to the Ecumenical Temple.
  5244 | Temple   | Entered the Ecumenical Temple
  5415 | D:5      | Reached XP level 8. HP: 52/52 MP: 6/12
  5415 | D:5      | You fall into a shaft and drop 2 floors!
  5438 | D:6      | Noticed Maggie
  5699 | D:7      | Reached skill level 9 in Conjurations
  5748 | D:7      | Reached skill level 10 in Conjurations
  5748 | D:7      | Reached XP level 9. HP: 14/57 MP: 3/13
  6116 | D:7      | Reached skill level 1 in Translocations
  6201 | D:7      | Reached skill level 5 in Fire Magic
  6964 | D:7      | Found a shadowy altar of Dithmenos.
  6966 | D:7      | Found a broken altar of Ashenzari.
  6966 | D:7      | Found an iron altar of Okawaru.
  6977 | D:7      | Found a shimmering altar of Xom.
  6980 | D:7      | Found a bloodstained altar of Trog.
  7041 | D:7      | Reached skill level 5 in Translocations
  7244 | D:6      | Killed Maggie
  7410 | D:6      | Reached skill level 5 in Spellcasting
  7633 | D:5      | Found a white marble altar of Elyvilon.
  7652 | D:5      | Became a worshipper of Elyvilon the Healer
  7737 | D:5      | Reached skill level 1 in Evocations
  7817 | D:5      | Found a basalt altar of Yredelemnul.
  7905 | D:5      | Reached XP level 10. HP: 63/63 MP: 13/17
  8151 | D:6      | Noticed Blork the orc
  8192 | D:6      | Killed Blork the orc
  8231 | D:6      | Noticed Grinder
  8237 | D:6      | Killed Grinder
  8358 | D:6      | Found a radiant altar of Vehumet.
  8526 | D:6      | Reached * piety under Elyvilon
  8726 | D:6      | Reached skill level 1 in Maces & Flails
  8726 | D:6      | Reached skill level 1 in Armour
  8729 | D:6      | Reached skill level 1 in Fighting
  9742 | D:8      | Got the Almanac of the Birds and Companions
  9836 | D:8      | Noticed Erica
  9873 | D:8      | Noticed a manticore
  9888 | D:8      | Killed a manticore
  9889 | D:8      | Reached skill level 5 in Fighting
  9944 | D:8      | Killed Erica
 10259 | D:8      | Noticed an ice statue
 10294 | D:8      | Reached ** piety under Elyvilon
 10350 | D:8      | Found a hazy altar of Hepliaklqana.
 10350 | D:8      | Found a burning altar of Makhleb.
 10505 | D:8      | Reached XP level 11. HP: 78/79 MP: 13/18
 10608 | D:8      | Identified the +6 scimitar of Discord {freeze, Int+6 Dex+2
                  | Stlth+}
 10652 | D:8      | Found a staircase to the Lair.
 10665 | D:8      | Reached skill level 5 in Invocations
 10860 | D:8      | Noticed an orange crystal statue
 11071 | D:8      | Reached skill level 11 in Conjurations
 11652 | D:9      | Noticed an obsidian statue
 12259 | D:9      | Found a staircase to the Orcish Mines.
 12619 | D:9      | Learned a level 4 spell: Fulminant Prism
 12813 | D:10     | Entered Level 10 of the Dungeon
 12928 | D:9      | Killed an obsidian statue
 12929 | D:9      | Reached skill level 12 in Conjurations
 13045 | D:10     | Noticed a boulder beetle
 13048 | D:10     | Killed a boulder beetle
 13214 | D:10     | Reached *** piety under Elyvilon
 13390 | D:10     | Noticed a two-headed ogre
 13400 | D:10     | Killed a two-headed ogre
 13771 | D:10     | Reached XP level 12. HP: 83/86 MP: 11/19
 14012 | D:11     | Reached skill level 10 in Invocations
 14403 | D:11     | Reached **** piety under Elyvilon
 14463 | D:11     | Noticed Urug
 14472 | D:11     | Killed Urug
 14832 | D:11     | Noticed a two-headed ogre
 14839 | D:11     | Killed a two-headed ogre
 15047 | D:11     | Noticed a five-headed hydra
 15056 | D:11     | Killed a five-headed hydra
 15057 | D:11     | Reached skill level 13 in Conjurations
 15331 | D:11     | Noticed an ice dragon
 15352 | D:11     | Killed an ice dragon
 15867 | D:12     | Found Piotsiys's Weapon Emporium.
 16093 | D:12     | Noticed Jorgrun
 16111 | D:12     | Killed Jorgrun
 16319 | D:12     | Upgraded the game from 0.29-a0-617-g7a6b98fccd to
                  | 0.29-a0-620-g13ace881f2
 16492 | D:8      | Reached XP level 13. HP: 91/91 MP: 10/24
 16711 | D:8      | Paralysed by a hornet for 2 turns
 16901 | Orc:1    | Entered Level 1 of the Orcish Mines
 16957 | Orc:1    | Reached skill level 14 in Conjurations
 17479 | Orc:2    | Entered Level 2 of the Orcish Mines
 17592 | Orc:2    | Noticed Nessos
 17603 | Orc:2    | Killed Nessos
 18243 | Orc:2    | Noticed an orc warlord
 18248 | Orc:2    | Noticed an ogre mage
 18539 | Orc:2    | Noticed Sonja
 18539 | Orc:2    | Found a staircase to the Elven Halls.
 18770 | Orc:2    | Killed Sonja
 18837 | Orc:2    | Killed an ogre mage
 20119 | Orc:2    | Elyvilon protects you from harm!
 20800 | Orc:2    | Reached skill level 5 in Armour
 20932 | Orc:2    | Reached skill level 15 in Conjurations
 21019 | Orc:2    | Reached skill level 1 in Long Blades
 21026 | Orc:2    | Killed an orc warlord
 21041 | Orc:2    | Paralysed by an orc sorcerer for 4 turns
 21186 | Orc:2    | Found Saaqenn's General Store.
 21194 | Orc:2    | Reached XP level 14. HP: 42/98 MP: 15/27
 21318 | Orc:2    | Found Dess's Antique Armour Emporium.
 21361 | Orc:2    | Reached skill level 10 in Spellcasting
 21397 | Orc:2    | Found Utro's Antique Weapon Emporium.
 21437 | Orc:2    | Found Uwkitiq's Book Emporium.
 21621 | Orc:2    | Bought a jewelled leather armour for 266 gold pieces
 21621 | Orc:2    | Identified the +3 leather armour of Bocsopp {rElec Int+2}
                  | (You bought it in a shop on level 2 of the Orcish Mines)
 21804 | Lair:1   | Entered Level 1 of the Lair of Beasts
 22140 | Lair:1   | Noticed Prince Ribbit
 22141 | Lair:1   | You fall into a shaft and drop 1 floor!
 22160 | Lair:1   | Killed Prince Ribbit
 22267 | Lair:1   | Noticed Fannar
 22308 | Lair:1   | Killed Fannar
 22734 | Lair:1   | Reached ***** piety under Elyvilon
 23454 | Lair:2   | Noticed Harold
 23470 | Lair:2   | Killed Harold
 23757 | Lair:2   | Noticed a dire elephant
 23757 | Lair:2   | Noticed a dire elephant
 23778 | Lair:2   | Found a runed translucent door.
 23973 | Lair:2   | Pacified a dire elephant
 24013 | Lair:2   | Pacified a dire elephant
 24111 | Lair:2   | Identified the ring "Ysha" {rC+ Will+ Stlth+}
 24812 | Lair:3   | Found a staircase to the Swamp.
 25758 | Lair:4   | Reached XP level 15. HP: 71/103 MP: 15/32
 25853 | Lair:4   | Found a staircase to the Snake Pit.
 26018 | Lair:4   | Learned a level 6 spell: Iron Shot
 26351 | Lair:4   | Reached skill level 1 in Earth Magic
 26714 | Lair:5   | Found a viscous altar of Jiyva.
 26714 | Lair:5   | Found a staircase to the Slime Pits.
 27421 | Lair:5   | Reached skill level 5 in Earth Magic
 28038 | Lair:6   | Entered Level 6 of the Lair of Beasts
 28177 | Lair:6   | Found a blossoming altar of Fedhas.
 28757 | Lair:6   | Reached ****** piety under Elyvilon
 29064 | Lair:6   | Reached skill level 16 in Conjurations
 29443 | Lair:6   | Found a runed translucent door.
 29495 | Lair:6   | Paralysed by a hornet for 3 turns
 29599 | Lair:6   | Paralysed by a hornet for 2 turns
 29952 | Lair:6   | Identified the +7 morningstar of Siwicis {chaos, Int+4}
 30995 | D:12     | Reached skill level 17 in Conjurations
 30995 | D:12     | Reached XP level 16. HP: 93/109 MP: 5/33
 32328 | D:13     | Found a gate to the Vaults.
 32380 | D:13     | Found Anyeddaome's Overcharged Wands.
 32395 | D:13     | Bought a wand of iceblast (18) for 330 gold pieces
 32395 | D:13     | Bought a wand of iceblast (18) for 330 gold pieces
 32395 | D:13     | Bought a wand of digging (11) for 450 gold pieces
 32950 | D:14     | Noticed Kirke
 32954 | D:14     | Killed Kirke
 32955 | D:14     | Reached skill level 18 in Conjurations
 33224 | D:14     | Found Taeboul's Jewellery Emporium.
 33328 | D:14     | Noticed Snorg
 33350 | D:14     | Elyvilon protects you from harm!
 33351 | D:14     | Killed Snorg
 33553 | D:14     | Found Pifiabej's Magic Scroll Emporium.
 34147 | D:15     | Entered Level 15 of the Dungeon
 34208 | D:15     | Found a flickering gateway to a bazaar.
 34218 | Bazaar   | Entered a bazaar
 34219 | Bazaar   | Identified the ring of Worunise {Fly rElec rCorr Str-5
                  | Int+6}
 34307 | Bazaar   | Found Yxaecec's Magic Scroll Shop.
 34338 | Bazaar   | Found Qump's Magic Scroll Shop.
 34361 | Bazaar   | Found Plog's Distillery.
 34387 | Bazaar   | Found Roerhuciyr's Distillery.
 34476 | Bazaar   | Bought a scroll of teleportation for 30 gold pieces
 34724 | D:15     | Found a staircase to the Depths.
 35074 | D:15     | Reached skill level 19 in Conjurations
 35253 | D:15     | Found a burning altar of Makhleb.
 35769 | Snake:1  | Entered Level 1 of the Snake Pit
 37368 | Snake:1  | Reached XP level 17. HP: 115/115 MP: 25/34
 37789 | Snake:1  | Reached skill level 20 in Conjurations
 37798 | Snake:1  | Got the Incunabulum of Toxic Earth
 39373 | Snake:2  | Found a large runed translucent door.
 39373 | Snake:2  | Found a large runed translucent door.
 39377 | Snake:2  | Noticed Stil's ghost (journeyman DjFE)
 39698 | Snake:2  | Noticed Louise
 39874 | Snake:2  | Reached skill level 10 in Earth Magic
 40049 | Snake:2  | Killed Stil's ghost
 40052 | Snake:2  | Identified the +4 short sword "Koczalek" {drain, rF++}
 40054 | Snake:2  | Identified the amulet of Nonta {Regen+ Str+9 Dex+7 Slay-5}
 40386 | D:14     | Bought the ring of Ywniet {Drain rPois AC+4 Str+6 Int+10}
                  | for 1353 gold pieces
 40877 | Snake:2  | Found Jaryak's General Store.
 40880 | Snake:2  | You fall into a shaft and drop 1 floor!
 40885 | Snake:3  | Noticed Vashnia
 40892 | Snake:3  | Killed Vashnia
 41099 | Snake:2  | Found Xoodgh's Distillery.
 41151 | Snake:2  | Killed Louise
 41875 | Snake:3  | Found a sparkling altar of Nemelex Xobeh.
 41876 | Snake:3  | Noticed Aizul
 41889 | Snake:3  | Killed Aizul
 42118 | Snake:3  | Reached XP level 18. HP: 121/121 MP: 25/35
 42389 | Snake:3  | Learned a level 5 spell: Freezing Cloud
 42578 | Snake:3  | Reached skill level 1 in Ice Magic
 42578 | Snake:3  | Reached skill level 1 in Air Magic
 44656 | Snake:4  | Entered Level 4 of the Snake Pit
 44662 | Snake:4  | Learned a level 4 spell: Animate Armour
 44666 | Snake:4  | Found Diyhemenu's Antique Armour Boutique.
 44767 | Snake:4  | Reached skill level 5 in Evocations
 46480 | Snake:4  | Reached skill level 15 in Spellcasting
 46538 | Snake:4  | Reached XP level 19. HP: 108/126 MP: 8/38
 46965 | Snake:4  | Got a serpentine rune of Zot
 47030 | Snake:4  | Found Inkiurr's Antique Armour Shop.
 47033 | Snake:4  | Found Fanwomet's Magic Scroll Shop.
 47050 | Snake:4  | Noticed Saint Roka
 47076 | Snake:4  | Killed Saint Roka
 47566 | Snake:4  | Found Pataguxe's CLEARANCE SALE!.
 48280 | Snake:4  | Bought a faintly humming scale mail for 243 gold pieces
 48280 | Snake:4  | Identified the +6 scale mail of the Sparrow {Int-4 Dex+4}
                  | (You bought it in a shop on level 4 of the Snake Pit)
 48413 | Swamp:1  | Entered Level 1 of the Swamp
 48435 | Swamp:1  | Reached skill level 1 in Staves
 48621 | Swamp:1  | Paralysed by a hornet for 3 turns
 48976 | Swamp:1  | Noticed Mlioglotl
 48985 | Swamp:1  | Killed Mlioglotl
 50473 | Swamp:2  | Reached skill level 5 in Staves
 51128 | Swamp:3  | Noticed Mara
 51132 | Swamp:3  | Noticed Armakuni's illusion
 51134 | Swamp:3  | Killed Mara
 51572 | Swamp:3  | Reached XP level 20. HP: 131/133 MP: 32/40
 51898 | Swamp:4  | Entered Level 4 of the Swamp
 52116 | Swamp:4  | Reached skill level 10 in Evocations
 52539 | Swamp:4  | Reached skill level 5 in Dodging
 53509 | Swamp:4  | Got a decaying rune of Zot
 53842 | Elf:1    | Entered Level 1 of the Elven Halls
 53993 | Elf:1    | Identified the +7 broad axe "Jotwurpha" {pain, rC- rCorr
                  | Int+9 Dex-2}
 54179 | Elf:1    | Got Tegank's Tome of Combat Magic
 54186 | Elf:1    | Learned a level 5 spell: Fireball
 54192 | Elf:1    | Learned a level 5 spell: Iskenderun's Battlesphere
 54207 | Elf:1    | Paralysed by an air elemental for 1 turns
 54561 | Elf:1    | Got Ts'ui Pên's Compendium of Forking Paths
 54604 | Elf:1    | Got Fanij's Tome of Sand
 54611 | Elf:1    | Got the Catalogue of Dhcmrlchtdj
 55592 | Elf:2    | Identified the +11 chain mail "Xotid" {Str+4 Dex-3 Stlth+}
 55730 | Elf:2    | Found Ifururer's Armour Emporium.
 55732 | Elf:2    | Noticed Nikola
 55739 | Elf:2    | Killed Nikola
 55950 | Elf:2    | Bought the +1 cloak "Haohu" {rPois Str+4 Stlth+} for 510
                  | gold pieces
 55963 | Elf:2    | Bought a +0 helmet of see invisible for 184 gold pieces
 56157 | Elf:2    | Found a huge runed translucent gate.
 56157 | Elf:2    | Found a huge runed translucent gate.
 56157 | Elf:2    | Found a huge runed translucent gate.
 56157 | Elf:2    | Found a huge runed translucent gate.
 56157 | Elf:2    | Found a huge runed translucent gate.
 56379 | Elf:3    | Entered Level 3 of the Elven Halls
 56397 | Elf:3    | Killed from afar by a deep elf sorcerer

Illustrated notes

Levels and vault maps discovered:
D:1:      minmay_arrival_five_plusses, layout_loops_ring, serial_shops,
          nicolae_shop_trees, minmay_crystal_water
D:2:      layout_basic, basic_altar, uniq_sigmund, uniq_terence, uniq_natasha
D:3:      minmay_diamond_boxcup, layout_loops_corners,
          grunt_temple_overflow_forces_of_nature
D:4:      layout_basic, led_sif_book, grunt_ministairs_7, chequers_arboretum,
          nicolae_figureground_sparkle
D:5:      layout_loops_cross, kennysheep_ying_yang, minmay_temple_entry_glass
D:6:      layout_loops_corners, vehumet_crystals, uniq_blork_the_orc,
          uniq_maggie, uniq_grinder
D:7:      layout_basic, minmay_overflow_temple_star_hex
D:8:      minmay_separated_statues, layout_loops_ring,
          mainiacjoe_overflow_large_starburst, erik_lair_dragon,
          chequers_mini_garden, minmay_misc_feat_room, minmay_chambers_of_fives,
          uniq_erica
D:9:      layout_rooms, david_orc_3, minmay_statue_bubble
D:10:     layout_basic
D:11:     layout_irregular_city, portal_ice_cave_entry_animals_and_master,
          uniq_urug
D:12:     layout_loops_cross, serial_shops, nicolae_shop_bloodbath_and_beyond,
          kb_rosetta, uniq_jorgrun
D:13:     layout_big_octagon, grunt_ministairs_14,
          nicolae_shop_overcharged_wands
D:14:     layout_loops_corners, serial_shops, shop, shop,
          chequers_serial_rivers_small_b, minmay_starry_boxes, uniq_snorg,
          uniq_kirke
D:15:     grunt_enter_depths_snipers, layout_rooms, old_standard_altar,
          serial_shops, freezing_bzr
Temple:   jpeg_temple_island
Lair:1:   layout_cave_pods, eino_small_chamber_without_monster,
          lemuel_fruit_tree, uniq_fannar, uniq_prince_ribbit2
Lair:2:   gammafunk_lair_enchanted_lake, layout_misc_corridors, uniq_harold
Lair:3:   layout_cave_pods, swamp_mist, grunt_megastairs_3
Lair:4:   layout_cave_pods, dummy_snake_entry, grunt_megastairs_5
Lair:5:   wad_woods_minihive, layout_loops_ring, slime_altar_1,
          roderic_carrion_pond, infiniplex_staircase_pool_2
Lair:6:   wormcave, layout_small_grid, basic_altar, grunt_forest_small_clearings
Swamp:1:  layout_falls_marsh, hangedman_swamp_pad, uniq_mlioglotl
Swamp:2:  layout_basic_swamp, serial_swamp_ruin, evilmike_swamp_ruin_rubble_2,
          evilmike_swamp_ruin_house_1, hangedman_swamp_ruin_wall,
          st_swamp_ruins_4
Swamp:3:  layout_basic_swamp, nicolae_swamp_some_circles,
          nicolae_swamp_snake_nest, uniq_mara
Swamp:4:  swamp_icy, layout_basic_swamp
Snake:1:  layout_gridlike, serial_bayou_shore_a
Snake:2:  cheibrodos_forgotten_conduit, layout_onion,
          ebering_ghost_disaster_area, grunt_ministairs_1,
          nicolae_wooded_promenade, st_stairs_3, uniq_louise
Snake:3:  layout_concentric_octagons, basic_altar,
          nicolae_snake_gridmaze_zigzag, nicolae_elevator_lobby_plus,
          uniq_vashnia, uniq_aizul
Snake:4:  grunt_snake_rune_spirals, layout_onion_interference, serial_shops,
          shop_coins, nicolae_shop_competitors_out_of_business, shop,
          serial_bayou_pond_d, drop_trap, serial_bayou_lagoon_a, st_stairs_13,
          nicolae_shop_clearance, uniq_saint_roka
Orc:1:    layout_diamond_mine, minmay_orc_temple_c
Orc:2:    grunt_orc_cross, layout_caves, uniq_sonja, uniq_nessos
Elf:1:    minmay_elf_arrival_circle, layout_geoelf_grid,
          minmay_elf_annihilation, minmay_misc_feat_five,
          bh_hangedman_babel_library
Elf:2:    elven_hall_of_blades_hangedman_alternative [nicolae_blade_bullseye],
          layout_rooms, serial_shops, shop, drop_trap, uniq_nikola
Elf:3:    minmay_elf_hall_statues, layout_onion_city, hangedman_feature_mirror

Skill      XL: |  1  2  3  4  5  6  7  8  9 10 11 12 13 14 15 16 17 18 19 20 |
---------------+-------------------------------------------------------------+-----
Conjurations   | 5 7 8 10 12 13 15 17 19 20 | 20.0
Spellcasting   | 3 5 7 9 13 15 16 | 16.3
Fire Magic     | 2 4 5 |  5.6
Translocations | 5 |  5.0
Evocations     | 2 4 6 9 10 | 10.0
Invocations    | 4 9 10 12 | 12.3
Maces & Flails | 1 |  1.0
Armour         | 2 5 7 |  7.1
Fighting       | 5 7 |  7.0
Long Blades    | 2 4 |  4.0
Dodging        | 3 4 6 |  6.9
Earth Magic    | 6 10 | 10.0
Ice Magic      | 4 |  4.0
Air Magic      | 4 |  4.0
Staves         | 5 7 |  7.6
Stealth        | |  2.0

Action                   |  1- 3 |  4- 6 |  7- 9 | 10-12 | 13-15 | 16-18 | 19-21 || total
-------------------------+-------+-------+-------+-------+-------+-------+-------++-------
Melee: Mace              |    16 |    50 |     4 |       |       |       |       ||    70
       Flail             |       |       |    76 |    77 |       |       |       ||   153
       Punch             |       |       |     1 |     3 |     8 |     7 |     1 ||    20
       Scimitar          |       |       |       |    93 |   482 |   210 |    22 ||   807
       Staff             |       |       |       |       |       |       |   237 ||   237
Throw: Throwing net      |       |       |       |       |     2 |       |       ||     2
       Dart              |       |       |       |       |     3 |     4 |       ||     7
 Cast: Magic Dart        |    11 |       |       |       |       |       |       ||    11
       Searing Ray       |    15 |    18 |    46 |    43 |    22 |       |       ||   144
       Sticky Flame      |       |       |    17 |    68 |   175 |   108 |    57 ||   425
       Iskenderun's Myst |       |       |       |    15 |    89 |    63 |    42 ||   209
       Fulminant Prism   |       |       |       |    12 |    46 |     8 |       ||    66
       Iron Shot         |       |       |       |       |    14 |   168 |   108 ||   290
       Freezing Cloud    |       |       |       |       |       |    67 |    65 ||   132
       Animate Armour    |       |       |       |       |       |     1 |       ||     1
       Fireball          |       |       |       |       |       |       |     6 ||     6
       Iskenderun's Batt |       |       |       |       |       |       |     1 ||     1
Invok: Purification      |       |       |       |     2 |     6 |       |     8 ||    16
       Heal Self         |       |       |       |     6 |    16 |     8 |     4 ||    34
       Heal Other        |       |       |       |       |    16 |    12 |     1 ||    29
Evoke: Wand              |       |       |     6 |    59 |    27 |    48 |    10 ||   150
       Box of beasts     |       |       |       |       |     1 |     3 |       ||     4
       Tin of tremorston |       |       |       |       |       |     5 |     5 ||    10
  Use: Scroll            |     5 |     1 |     7 |    10 |    11 |    16 |     4 ||    54
       Potion            |     2 |     1 |     5 |     1 |     6 |     2 |       ||    17
 Stab: Sleeping          |       |     1 |     2 |     5 |       |       |       ||     8
       Distracted        |       |       |       |     2 |       |       |       ||     2
       Invisible         |       |       |       |       |     1 |       |       ||     1
Armor: Ring mail         |    29 |    32 |    35 |       |       |       |       ||    96
       Steam dragon scal |       |       |    17 |    77 |       |       |       ||    94
       Skin              |       |       |     2 |       |       |       |       ||     2
       Acid dragon scale |       |       |       |    22 |    70 |       |       ||    92
       Troll leather arm |       |       |       |       |   224 |   219 |       ||   443
       Scale mail        |       |       |       |       |       |   124 |   219 ||   343
       Chain mail        |       |       |       |       |       |       |    25 ||    25
Dodge: Dodged            |    25 |    30 |    81 |   247 |   555 |   339 |   194 ||  1471

Table legend: (Time is in decaauts)
 A = Elapsed time spent in this place.
 B = Non-inter-level travel time spent in this place.
 C = Inter-level travel time spent in this place.
 D = Time resting spent in this place.
 E = Time spent auto-exploring this place.
 F = Levels seen in this place.
 G = Mean time per level.
                   A        B        C        D        E       F      G
               +--------+--------+--------+--------+--------+-----+--------+
         Total |  57079 |  53638 |   3441 |  18538 |  23594 |  36 | 1585.5 |
       Dungeon |  22870 |  21054 |   1816 |   5018 |  11563 |  15 | 1524.7 |
        Temple |    122 |     99 |     23 |      0 |     73 |   1 |  122.0 |
          Lair |   9188 |   8254 |    934 |   1741 |   4753 |   6 | 1531.3 |
         Swamp |   5333 |   5133 |    200 |   1846 |   2235 |   4 | 1333.2 |
     Snake Pit |  11775 |  11549 |    226 |   6521 |   2593 |   4 | 2943.8 |
  Orcish Mines |   4900 |   4714 |    186 |   2415 |   1229 |   2 | 2450.0 |
   Elven Halls |   2587 |   2534 |     53 |    995 |    982 |   3 |  862.3 |
        Bazaar |    299 |    299 |      0 |      0 |    165 |   1 |  299.0 |
               +--------+--------+--------+--------+--------+-----+--------+

Top non-repeatable levels by time:
 Snake:3: 3433 daAuts
 Snake:4: 3209 daAuts
     D:8: 3146 daAuts
 Snake:1: 2835 daAuts
   Orc:1: 2772 daAuts
 Snake:2: 2297 daAuts
    D:12: 2200 daAuts
   Orc:2: 2128 daAuts
     D:7: 2102 daAuts
  Lair:6: 2034 daAuts
    D:11: 1822 daAuts
 Swamp:4: 1705 daAuts
   Elf:1: 1678 daAuts
     D:9: 1602 daAuts
    D:14: 1524 daAuts
